 Dungeon Crawl Stone Soup version 0.30.1-11-g7821555f0a (webtiles) character file.

Game seed: 17613104432689755801

205 SacredBeard the Chopper (level 5, 0/47 HPs)
             Began as a Hill Orc Fighter on Nov 5, 2023.
             Killed from afar by a steam dragon (16 damage)
             ... with a ball of steam
             ... on level 6 of the Dungeon.
             The game lasted 00:05:36 (2145 turns).

SacredBeard the Chopper (Hill Orc Fighter)          Turns: 2145, Time: 00:05:39

Health: 0/47       AC:  9    Str: 21    XL:     5   Next: 83%
Magic:  5/5        EV:  8    Int:  8    God:
Gold:   103        SH:  4    Dex: 10    Spells: 4/4 levels left

rFire   . . .        m - +5 mace (freeze)
rCold   . . .        c - +0 buckler
rNeg    . . .        l - +0 chain mail
rPois   .            (no helmet)
rElec   .            (no cloak)
rCorr   .            (no gloves)
SInv    .            (no boots)
Will    .....        g - amulet of the acrobat Stlth
                     (no ring)
HPRegen 0.27/turn    (no ring)
MPRegen 0.09/turn

%: acrobat
@: no status effects
A: no striking features
a: no special abilities


You were on level 6 of the Dungeon.
You visited 1 branch of the dungeon, and saw 4 of its levels.

You collected 103 gold pieces.

Inventory:

Hand Weapons
 a - a +0 war axe
 b - a +0 hand axe
 i - a +3 flail
 m - a +5 mace of freezing (weapon)
Missiles
 e - 17 stones (quivered)
 h - 8 boomerangs
 q - a throwing net
Armour
 c - a +0 buckler (worn)
 l - a +0 chain mail (worn)
 n - a +0 robe
 r - a +0 robe
Jewellery
 g - an amulet of the acrobat (around neck)
Scrolls
 f - 3 scrolls of enchant weapon {unknown}
 j - a scroll of silence {unknown}
 o - a scroll of blinking {unknown}
 t - a scroll of immolation {unknown}
 u - a scroll of vulnerability {unknown}
 w - a scroll of poison {unknown}
 x - a scroll of teleportation {unknown}
 z - 3 scrolls of enchant armour {unknown}
Potions
 d - 2 potions of might
 k - a potion of degeneration {unknown}
 p - a potion of curing {unknown}
 s - a potion of flight {unknown}


   Skills:
 + Level 4.4 Fighting
 * Level 4.8 Axes
 + Level 1.4 Throwing
 + Level 3.9 Armour
 + Level 1.3 Dodging
 + Level 3.9 Shields


You had 4 spell levels left.
You didn't know any spells.
Your spell library contained the following spells:

 Spells                   Type           Power      Damage    Failure   Level
 Frozen Ramparts          Ice            0%         1d1       100%        3
 Ice Form                 Ice/Tmut       0%         N/A       100%        4
 Summon Ice Beast         Ice/Summ       0%         N/A       100%        4


Dungeon Overview and Level Annotations

Branches:
Dungeon (3/15) Zot: 21791

Altars:


Message History

A steam dragon comes into view.
The steam dragon hisses angrily.
A sky beast comes into view.
You hit the steam dragon but do no damage.
The steam dragon bites you.
The steam dragon claws you but does no damage.
You closely miss the steam dragon. The steam dragon barely misses you.
You block the steam dragon's attack.
The sky beast flickers out of sight!
Deactivating autopickup; reactivate with Ctrl-A.
The steam dragon barely misses you.
The steam dragon claws you but does no damage.
You sock the steam dragon! You freeze the steam dragon.
The steam dragon is moderately wounded.
The steam dragon bites you!
The steam dragon claws you but does no damage.
You closely miss the steam dragon.
The steam dragon is moderately wounded.
The steam dragon bites you. You block the steam dragon's attack.
You hit the steam dragon. You freeze the steam dragon.
The steam dragon is heavily wounded.
The steam dragon bites you but does no damage.
The steam dragon closely misses you. Something hits you but does no damage.
The steam dragon bites you but does no damage.
You block the steam dragon's attack.
You barely miss the steam dragon.
The steam dragon is heavily wounded.
The steam dragon bites you. The steam dragon claws you.
Something hits you but does no damage.
You barely miss the steam dragon.
The steam dragon is heavily wounded.
The steam dragon bites you. The steam dragon closely misses you.
Something hits you but does no damage.
You closely miss the steam dragon.
The steam dragon is heavily wounded.
The steam dragon bites you. The steam dragon claws you.
Something hits you but does no damage. Something hits you.
Something shocks you. The steam dragon breathes steam at you.
The ball of steam hits you!
You die...

#..............
#.........## ....##
...........# .#...#
...#.......##
.#...# # #........#
.....##
#...#.##..##
.......
....#.###.###......
...........##...##
...........@D....##
....#.............
.>................
..###.............
. #.............#
#.#.............
...#.............
### ..............
..#..........


You could see a steam dragon (catching breath).

Vanquished Creatures
  2 wights (D:3)
  Jessica (D:2)
  2 adders
  A shadow imp (D:6)
  A dart slug (D:3)
  An orc (D:3)
  4 ball pythons
  5 bats
  4 endoplasms
  A giant cockroach (D:3)
  4 goblins (D:2)
  4 hobgoblins (D:1)
  2 jackals (D:2)
  5 kobolds
  4 quokkas
  3 frilled lizards
  6 rats
50 creatures vanquished.

Notes
Turn   | Place    | Note
-------+----------+-------------------------------------------
     0 | D:1      | SacredBeard the Hill Orc Fighter began the quest for the
                  | Orb.
     0 | D:1      | Reached XP level 1. HP: 19/19 MP: 1/1
   192 | D:1      | Reached XP level 2. HP: 27/27 MP: 2/2
   806 | D:2      | Noticed Jessica
   814 | D:2      | Killed Jessica
   815 | D:2      | Reached XP level 3. HP: 27/33 MP: 3/3
   968 | D:2      | Reached skill level 1 in Throwing
   996 | D:2      | Reached XP level 4. HP: 40/40 MP: 4/4
  1798 | D:3      | Reached skill level 1 in Dodging
  2005 | D:3      | Reached XP level 5. HP: 39/47 MP: 5/5
  2114 | D:3      | You fall into a shaft and drop 3 floors!
  2131 | D:6      | Noticed a steam dragon
  2137 | D:6      | Noticed a sky beast
  2145 | D:6      | Killed from afar by a steam dragon

Illustrated notes

Levels and vault maps discovered:
D:1:      ncdulo_wetmaze, layout_loops_ring
D:2:      layout_basic, hangedman_decor_points, chequers_serial_rivers_room_b,
          minmay_misc_feat_square, uniq_jessica
D:3:      layout_loops_ring, grunt_ministairs_5
D:6:      layout_cave_pools

Skill      XL: |  1  2  3  4 |
---------------+-------------+-----
Axes           | 3 4 |  4.8
Fighting       | 4 |  4.4
Throwing       | 1 |  1.4
Dodging        | 1 |  1.3
Armour         | |  3.9
Shields        | |  3.9

Action                     |  1- 3 |  4- 6 || total
---------------------------+-------+-------++-------
  Melee: War axe           |    77 |    59 ||   136
         Mace              |       |    11 ||    11
 Armour: Scale mail        |    12 |       ||    12
         Chain mail        |    13 |    38 ||    51
  Dodge: Dodged            |    42 |    32 ||    74
  Block: Buckler           |    17 |    13 ||    30
